 Dungeon Crawl Stone Soup version 0.29.0-4-gdea44cf6ec (webtiles) character file.

Game seed: 5048303109982592245

133 qw the Ruffian (level 4, -4/44 HPs)
             Began as a Troll Cinder Acolyte on Sept 2, 2022.
             Was a High Priest of Ignis.
             Slain by Edmund
             ... wielding a +0 flail of distortion
              (16 damage)
             ... on level 4 of the Dungeon.
             The game lasted 00:01:13 (2040 turns).

qw the Ruffian (Troll Cinder Acolyte)               Turns: 2040, Time: 00:01:14

Health: -4/44      AC: 11    Str: 24    XL:     4   Next: 94%
Magic:  4/4        EV:  9    Int: 10    God:    Ignis [*****.]
Gold:   163        SH:  5    Dex:  5    Spells: 5/5 levels left

rFire   + . .      SeeInvis .     - Unarmed
rCold   . . .      Faith    .   (no shield)
rNeg    . . .      Spirit   .   a - +0 robe
rPois   .          Reflect  +   (helmet restricted)
rElec   .          Harm     .   e - scarf {repulsion}
rCorr   .          Rampage  .   (gloves unavailable)
Will    .....                   (boots unavailable)
Stlth   +.........              f - amulet of reflection
HPRegen 0.94/turn               (no ring)
MPRegen 0.09/turn               (no ring)

@: about to teleport, fiery-armoured, repel missiles
A: large, unfitting armour, claws 3, regeneration 1, shaggy fur 1, tough skin 1
a: Renounce Religion, Fiery Armour, Foxfire Swarm, Rising Flame


You were on level 4 of the Dungeon.
You worshipped Ignis.
Ignis was extremely pleased with you.
You visited 1 branch of the dungeon, and saw 4 of its levels.

You collected 163 gold pieces.


Innate Abilities, Weirdness & Mutations

You are too large for most types of armour.
You have claws for hands.
Your natural rate of healing is unusually fast.
You are covered in fur. (AC +1)
You have tough skin. (AC +1)


   Skills:
 - Level 2.4 Fighting
 + Level 5.7 Unarmed Combat
 - Level 1.0 Spellcasting
 - Level 2.1 Fire Magic


You had 5 spell levels left.
You didn't know any spells.
Your spell library contained the following spells:

 Spells                   Type           Power      Damage    Failure   Level
 Scorch                   Fire           8%         2d5       22%         2

Inventory:

Armour
 a - a +0 robe (worn)
 e - a scarf of repulsion (worn)
Jewellery
 f - an amulet of reflection (around neck)
Scrolls
 g - a scroll of identify
 h - 2 scrolls of teleportation
Potions
 b - a potion of invisibility {unknown}
 c - a potion of curing
 d - a potion of degeneration {unknown}
 j - a potion of flight {unknown}
 k - a potion of lignification {unknown}

Dungeon Overview and Level Annotations

Branches:
Dungeon (4/15)
 Temple: D:4-7

Altars:
Kikubaaqudgha

Annotations:
D:4 Edmund


Message History

You kill the ball python!
You miss the ufetubus. The ufetubus barely misses you. The ufetubus misses you.
The ufetubus closely misses you. You block the ufetubus's attack.
You claw the ufetubus!
You kill the ufetubus!
You see here a ball python corpse.
Found a stone staircase leading down.
You see here a scroll of noise.
Edmund the Younger comes into view.
He is wielding a +0 flail of distortion.
Enter note:
2033 ||| Stepping ~*~*~tactically~*~*~ (stealth).
You closely miss Edmund.
Edmund shouts!
You block Edmund's attack.
You barely miss Edmund. Edmund closely misses you.
You scratch Edmund but do no damage.
Edmund hits you with a +0 flail of distortion.
You scratch Edmund.
Edmund is lightly wounded.
Edmund hits you with a +0 flail of distortion.
Space warps horribly around you!
2038 ||| INVOKING Fiery Armour.
A protective cloak of flame settles atop you.
Edmund hits you but does no damage.
Edmund is burned by your cloak of flames.
Edmund is lightly wounded.
You scratch Edmund.
Edmund is lightly wounded.
Edmund hits you with a +0 flail of distortion!
Space warps around you.
Edmund is burned by your cloak of flames.
Edmund is lightly wounded.
2040 ||| READING 3 scrolls of teleportation.
As you read the scroll of teleportation, it crumbles to dust.
You feel strangely unstable.
Edmund says, "A flail is better than a scythe, any day of the week!"
Edmund hits you but does no damage. Space warps horribly around you!
You die...

#.#.# )....###
#......#
##......# .
.......# ...
.......##
#..###@>.....#
#....@........
#.####......#
##......# ##.
##.......# #..
#........# #..
#.###.####
###..#####?#
.#
#......##%.#
.. #...#..##
#..


You could see Edmund.

Vanquished Creatures
  A jelly (D:3)
  2 adders
  An ufetubus (D:4)
  A worm (D:2)
  4 dart slugs
  2 orcs (D:3)
  5 bats
  13 endoplasms
  4 giant cockroaches
  4 hobgoblins
  3 kobolds
  4 quokkas
  8 ball pythons
  4 goblins
  5 rats
61 creatures vanquished.

Notes
Turn   | Place    | Note
-------+----------+-------------------------------------------
     0 | D:1      | qw the Troll Cinder Acolyte began the quest for the Orb.
     0 | D:1      | Reached XP level 1. HP: 22/22 MP: 1/1
     0 | D:1      | 0 ||| qw: Version: 0.1-a-97-g2dd2ca4
     0 | D:1      | 0 ||| qw: Game counter: 4971
     0 | D:1      | 0 ||| qw: Always use a shield: true
     0 | D:1      | 0 ||| qw: God list: Okawaru
     0 | D:1      | 0 ||| qw: Allow faded altars: false
     0 | D:1      | 0 ||| qw: Do Orc after D:15 true
     0 | D:1      | 0 ||| qw: Do second Lair branch before Depths: true
     0 | D:1      | 0 ||| qw: Lair rune preference: random
     0 | D:1      | 0 ||| qw: Plans: Normal
     0 | D:1      | 0 ||| PLANNING D:1-11
     2 | D:1      | 2 ||| Stepping ~*~*~tactically~*~*~ (hiding).
    62 | D:1      | Reached XP level 2. HP: 29/29 MP: 2/2
   219 | D:1      | 219 ||| Stepping ~*~*~tactically~*~*~ (hiding).
   462 | D:1      | 462 ||| Stepping ~*~*~tactically~*~*~ (stealth).
   463 | D:1      | 463 ||| Stepping ~*~*~tactically~*~*~ (stealth).
   464 | D:1      | 464 ||| Stepping ~*~*~tactically~*~*~ (stealth).
   472 | D:1      | 472 ||| Stepping ~*~*~tactically~*~*~ (stealth).
   477 | D:1      | Reached skill level 4 in Unarmed Combat
   587 | D:1      | Reached XP level 3. HP: 36/36 MP: 3/3
   696 | D:1      | 696 ||| READING scroll labelled ENYGED YJONIU.
   697 | D:1      | 697 ||| READING scroll labelled OFUIWN HAMA.
   698 | D:1      | 698 ||| READING scroll labelled DAKHELOEMU.
   699 | D:1      | 699 ||| READING 2 scrolls labelled EPPAOFRECAI.
   700 | D:1      | 700 ||| READING scroll labelled ELADABRUCAW.
   729 | D:2      | 729 ||| STAIRDANCE
   743 | D:2      | 743 ||| STAIRDANCE
   745 | D:1      | 745 ||| Stepping ~*~*~tactically~*~*~ (outnumbered).
   746 | D:1      | 746 ||| Stepping ~*~*~tactically~*~*~ (outnumbered).
   827 | D:2      | 827 ||| Stepping ~*~*~tactically~*~*~ (outnumbered).
   841 | D:2      | 841 ||| Stepping ~*~*~tactically~*~*~ (outnumbered).
   842 | D:2      | 842 ||| Stepping ~*~*~tactically~*~*~ (outnumbered).
  1053 | D:2      | 1053 ||| Stepping ~*~*~tactically~*~*~ (outnumbered).
  1054 | D:2      | 1054 ||| Stepping ~*~*~tactically~*~*~ (outnumbered).
  1074 | D:2      | 1074 ||| Stepping ~*~*~tactically~*~*~ (hiding).
  1076 | D:2      | 1076 ||| Stepping ~*~*~tactically~*~*~ (hiding).
  1077 | D:2      | 1077 ||| Stepping ~*~*~tactically~*~*~ (hiding).
  1149 | D:2      | Reached XP level 4. HP: 44/44 MP: 4/4
  1224 | D:2      | 1224 ||| UPGRADING to scarf of repulsion.
  1229 | D:2      | 1229 ||| UPGRADING to amulet of reflection.
  1234 | D:2      | 1234 ||| READING scroll labelled YHEVEMASYO.
  1235 | D:2      | 1235 ||| READING scroll labelled UMOWUMM EXYPP.
  1236 | D:2      | 1236 ||| READING scroll labelled AGOFELUNUR.
  1237 | D:2      | 1237 ||| READING scroll labelled NIWUKL HAEP.
  1238 | D:2      | 1238 ||| READING 2 scrolls of identify.
  1238 | D:2      | 1238 ||| IDENTIFYING bubbling white potion
  1239 | D:2      | 1239 ||| READING 4 scrolls of teleportation.
  1297 | D:3      | Reached skill level 5 in Unarmed Combat
  1381 | D:3      | 1381 ||| Stepping ~*~*~tactically~*~*~ (hiding).
  1667 | D:3      | 1667 ||| INVOKING Fiery Armour.
  1667 | D:3      | HP: 10/44 [acid (8)]
  1668 | D:3      | 1668 ||| READING 4 scrolls of teleportation.
  1765 | D:3      | Found an ancient bone altar of Kikubaaqudgha.
  2017 | D:4      | 2017 ||| Stepping ~*~*~tactically~*~*~ (stealth).
  2032 | D:4      | Noticed Edmund
  2033 | D:4      | 2033 ||| Stepping ~*~*~tactically~*~*~ (stealth).
  2038 | D:4      | 2038 ||| INVOKING Fiery Armour.
  2039 | D:4      | HP: 11/44 [Edmund/+0 flail of distortion (4)]
  2040 | D:4      | 2040 ||| READING 3 scrolls of teleportation.
  2040 | D:4      | Slain by Edmund

Levels and vault maps discovered:
D:1:      scummos_arrival_hexagon, layout_basic, minmay_distorted
D:2:      layout_rooms
D:3:      layout_basic, mainiacjoe_overflow_24_doors, hangedman_decor_riveting
D:4:      layout_rooms, mainiacjoe_overflow_surrounded_room, uniq_edmund,
          uniq_grinder

Skill      XL: |  1  2  3  4 |
---------------+-------------+-----
Unarmed Combat | 4 5 |  5.7
Fighting       | |  2.4
Spellcasting   | |  1.0
Fire Magic     | |  2.1

Action                   |  1- 3 |  4- 6 || total
-------------------------+-------+-------++-------
Melee: Unarmed           |   108 |    27 ||   135
       Punch             |     2 |       ||     2
Invok: Fiery Armour      |       |     2 ||     2
  Use: Scroll            |     5 |     8 ||    13
Armor: Robe              |    27 |     7 ||    34
Dodge: Dodged            |    42 |     8 ||    50
Block: Other             |       |     7 ||     7

Table legend:
 A = Non-vault XP
 B = Vault XP
 C = Vault XP percentage of total XP
 D = Non-vault monster count
 E = Vault monster count
 F = Vault count percentage of total count
                 A         B        C        D         E       F
            +---------+---------+-------+---------+---------+-------
      Total |     184 |       7 |   3.7 |      57 |       4 |   6.6
            +---------+---------+-------+---------+---------+-------
        D:1 |      47 |       7 |  13.0 |      24 |       4 |  14.3
        D:2 |      43 |       0 |   0.0 |      17 |       0 |   0.0
        D:3 |      83 |       0 |   0.0 |      13 |       0 |   0.0
        D:4 |      11 |       0 |   0.0 |       3 |       0 |   0.0
            +---------+---------+-------+---------+---------+-------
